Map: Cactus Valley LE (Void)

Players

TRUE - Winner!

  • Race: Zerg Zerg
  • Spawn Location: 1:00

uThermal

  • Race: Terran Terran
  • Spawn Location: 7:00

Event: WCS Austin 2017

VOD

Have the link to the VOD?

Description

Time

  • Played on: April 29, 2017, 3:24 p.m.
  • Length: 22:08

All games in this series

Show
View Real Time Build Order
Export as new Build Order

TRUE Zerg - Winner!

Build Orders: Hatch First, Muta Ling Bane 

Get SALT Encoding   

  12  0:00  Drone  
  13  0:12  Overlord  
  13  0:16  Drone  
  14  0:31  Drone x2  
  14  0:34  Drone  
  17  0:51  Hatchery  
  17  0:55  Drone  
  17  1:09  Spawning Pool  
  17  1:10  Extractor  
  15  1:13  Drone  
  15  1:17  Drone  
  17  1:21  Drone  
  18  1:29  Drone  
  19  1:39  Overlord  
  19  1:55  Queen  
  19  1:56  Zergling x2  
  19  2:00  Zergling x2  
  23  2:03  Queen, Zergling x2  
  26  2:10  Metabolic Boost  
  26  2:12  Drone  
  26  2:14  Drone  
  28  2:22  Drone  
  29  2:25  Drone  
  30  2:31  Queen  
  30  2:33  Drone  
  30  2:36  Drone  
  34  2:43  Overlord  
  34  2:46  Drone  
  35  2:54  Drone  
  36  3:01  Pneumatized Carapace  
  36  3:04  Drone x2  
  36  3:05  Drone x2  
  40  3:07  Drone  
  40  3:08  Drone  
  40  3:10  Drone  
  40  3:11  Drone  
  44  3:35  Hatchery  
  43  3:54  Drone, Overlord  
  43  3:55  Overlord  
  44  4:06  Evolution Chamber  
  44  4:09  Drone  
  44  4:12  Queen x2, Overlord  
  44  4:13  Drone x5  
  44  4:14  Drone x5  
  58  4:19  Overlord  
  58  4:20  Drone x2  
  60  4:24  Roach Warren  
  60  4:25  Drone  
  60  4:30  Overlord  
  60  4:32  Zerg Ground Armor Level 1  
  60  4:36  Zergling x2  
  55  4:38  Zergling x2  
  55  4:45  Zergling x6  
  50  4:47  Zergling x2  
  48  4:54  Zergling x4  
  48  4:57  Drone  
  48  4:58  Drone x2  
  48  4:59  Drone  
  50  5:00  Drone  
  50  5:02  Drone  
  51  5:09  Drone  
  51  5:11  Drone x2  
  54  5:19  Spore Crawler  
  54  5:20  Drone, Spore Crawler  
  51  5:26  Spore Crawler  
  50  5:38  Drone x7  
  57  5:47  Spore Crawler  
  57  5:49  Zergling x10  
  62  5:52  Zergling x4  
  62  5:54  Zergling x2  
  64  5:58  Zergling x2  
  65  6:07  Zergling x4  
  65  6:08  Zergling x2  
  65  6:09  Zergling x4  
  68  6:12  Drone  
  68  6:13  Drone  
  68  6:16  Drone  
  68  6:17  Drone x2  
  71  6:18  Drone x2  
  71  6:20  Lair  
  71  6:24  Drone  
  73  6:27  Drone x2  
  75  6:33  Zergling x6  
  75  6:34  Zergling x2  
  75  6:39  Zergling x2  
  79  6:43  Zergling x2  
  77  6:50  Zergling x6  
  77  6:53  Drone  
  78  6:54  Drone x3  
  78  6:55  Drone  
  78  6:57  Drone x2  
  78  6:59  Drone  
  78  7:00  Drone  
  83  7:01  Drone  
  83  7:02  Drone  
  83  7:04  Drone  
  83  7:08  Drone, Extractor  
  84  7:09  Extractor  
  84  7:10  Drone  
  84  7:13  Zerg Melee Weapons Level 1  
  84  7:14  Drone, Extractor  
  82  7:18  Extractor  
  81  7:24  Drone x3  
  81  7:25  Drone x3  
  81  7:26  Drone x2  
  81  7:27  Extractor  
  81  7:28  Drone  
  87  7:34  Drone x2  
  87  7:36  Drone x2  
  89  7:37  Drone  
  89  7:38  Drone  
  89  7:39  Hatchery  
  89  7:44  Drone  
  85  7:47  Drone x2  
  85  7:48  Drone x2  
  84  7:52  Zergling x4  
  84  7:53  Zergling x2, Baneling Nest  
  84  7:55  Zergling x2  
  84  7:56  Zergling x2  
  88  7:59  Zergling x2, Hatchery  
  88  8:00  Zergling x2  
  89  8:16  Overlord  
  89  8:18  Overlord  
  89  8:19  Overlord  
  89  8:21  Overlord  
  89  8:23  Overlord  
  89  8:27  Overlord  
  89  8:28  Overlord  
  89  8:29  Overlord  
  89  8:33  Spire  
  88  8:34  Zergling x2  
  88  8:35  Zergling x2  
  88  8:38  Baneling x3  
  88  8:39  Baneling x3  
  90  8:42  Zergling x12  
  90  8:44  Zergling x2  
  90  8:45  Zergling x2, Centrifical Hooks  
  90  8:46  Zergling x4  
  90  8:47  Baneling x4  
  90  8:48  Queen, Zergling x2  
  100  8:49  Zergling x2  
  100  8:50  Zergling x6  
  100  8:53  Zergling x6  
  110  8:59  Zergling x2  
  111  9:04  Zergling x4  
  112  9:12  Zergling x4  
  112  9:13  Zergling x4  
  116  9:21  Zergling x14  
  116  9:22  Zergling x4  
  116  9:23  Drone x3  
  124  9:24  Drone x3  
  124  9:28  Zerg Ground Armor Level 2  
  127  9:31  Baneling x6  
  127  9:32  Baneling x9  
  127  9:33  Zergling x4  
  127  9:34  Zergling x4  
  127  9:37  Drone  
  132  9:43  Overlord  
  132  9:44  Zergling x4, Extractor  
  133  9:48  Overlord  
  133  9:49  Mutalisk  
  135  9:54  Mutalisk x3  
  135  9:55  Mutalisk x2  
  135  9:56  Mutalisk  
  146  10:02  Zerg Flyer Weapons Level 1  
  146  10:05  Spore Crawler  
  145  10:09  Queen  
  137  10:15  Drone  
  137  10:16  Drone x5  
  137  10:18  Overseer  
  137  10:20  Mutalisk  
  137  10:21  Mutalisk  
  144  10:23  Mutalisk  
  148  10:28  Mutalisk  
  148  10:33  Zergling x8  
  148  10:34  Zergling x22  
  165  10:39  Zergling x8  
  165  10:40  Zergling x2  
  170  10:43  Zergling x2  
  170  10:47  Zergling x4  
  170  10:48  Extractor  
  172  10:51  Baneling x11  
  172  11:04  Hatchery  
  171  11:10  Zergling x4  
  173  11:11  Overlord  
  173  11:14  Baneling x8  
  173  11:15  Baneling x2  
  173  11:18  Overlord  
  173  11:20  Overlord  
  173  11:23  Infestation Pit  
  173  11:24  Zergling x2, Overlord  
  173  11:28  Overlord  
  173  11:29  Zergling x2  
  173  11:32  Zergling x4  
  175  11:35  Overlord, Mutalisk x3  
  175  11:37  Overlord, Mutalisk x3  
  186  11:40  Mutalisk x2  
  186  11:42  Zergling x2  
  186  11:45  Zergling x2  
  186  11:46  Zergling x4  
  194  11:47  Zergling x2  
  194  11:49  Zerg Melee Weapons Level 2  
  195  11:54  Queen  
  197  12:03  Hive  
  197  12:10  Zergling x4  
  197  12:14  Overlord  
  199  12:15  Baneling  
  199  12:16  Baneling x12  
  199  12:19  Overlord  
  199  12:47  Baneling x3  
  199  12:48  Baneling x24  
  199  12:57  Overlord  
  176  13:22  Zergling x32  
  176  13:23  Adrenal Glands  
  176  13:25  Zerg Flyer Weapons Level 2  
  188  13:29  Drone x3  
  188  13:31  Spine Crawler  
  188  13:33  Drone  
  191  13:41  Mutalisk x2  
  191  13:42  Mutalisk  
  191  13:43  Infestor  
  191  13:46  Hatchery  
  165  13:56  Mutalisk x4  
  165  13:57  Mutalisk x4  
  165  13:59  Zergling x2  
  175  14:03  Hatchery  
  174  14:11  Zergling x4  
  174  14:12  Zergling x44  
  174  14:14  Zerg Ground Armor Level 3  
  198  14:21  Zergling x2  
  199  14:26  Baneling x2  
  199  14:27  Baneling x12  
  194  14:46  Zergling x10  
  199  14:59  Baneling x2  
  199  15:00  Baneling x16  
  188  15:10  Zergling x2  
  188  15:12  Zergling x14  
  188  15:13  Zergling x32  
  194  15:20  Zergling x14  
  196  15:30  Zergling x6  
  196  15:32  Ultralisk Cavern  
  198  15:39  Baneling x22  
  198  15:43  Zergling x2  
  197  15:57  Zergling x6  
  197  16:01  Baneling x10  
  197  16:02  Baneling x11  
  191  16:21  Zergling x20  
  191  16:22  Zergling x8  
  195  16:30  Zergling x16  
  198  16:33  Zergling x2  
  199  16:44  Chitinous Plating  
  199  16:45  Hatchery  
  192  17:04  Zerg Melee Weapons Level 3  
  191  17:27  Overseer, Hatchery  
  176  17:40  Zergling x36  
  151  17:52  Zergling x10  
  151  17:54  Zergling x4  
  146  18:02  Baneling x16  
  146  18:03  Baneling x16  
  142  18:07  Zergling x2  
  142  18:08  Zergling x6  
  142  18:09  Zergling x10  
  150  18:14  Zergling x4  
  150  18:19  Baneling x7  
  150  18:22  Zergling x2  
  150  18:24  Zergling x2  
  147  18:30  Zergling x2  
  147  18:32  Zergling x2  
  126  18:34  Zergling x2  
  123  18:44  Infestor x2  
  123  18:46  Drone  
  128  18:54  Infestor x2  
  132  19:09  Infestor x3  
  136  19:13  Pathogen Glands  
  138  19:22  Hatchery  
  137  19:27  Ultralisk  
  143  19:41  Ultralisk x2  
  155  19:47  Burrow  
  155  20:00  Ultralisk x2  
  167  20:16  Ultralisk x2  
  179  20:23  Ultralisk  
  185  20:35  Ultralisk  
  190  20:41  Ultralisk  
  191  21:11  Ultralisk  
  197  21:18  Zergling x2  
  197  21:19  Zergling x2  
  197  21:22  Extractor  
  197  21:23  Zergling x2, Extractor  
  197  21:24  Zergling x6  
  197  21:26  Zergling x2  
  197  21:30  Zergling x2  
  197  21:32  Zergling x2, Hatchery  
  198  21:34  Zergling x2  
  199  21:41  Zergling x2  
  199  21:46  Zergling x8  
Show
View Real Time Build Order
Export as new Build Order

uThermal Terran 

Build Orders: Reaper Expand, Bio Mine, Hellion Banshee 

Get SALT Encoding   

  12  0:01  SCV  
  13  0:13  SCV  
  14  0:17  Supply Depot  
  14  0:25  SCV  
  14  0:28  Refinery  
  15  0:39  SCV  
  16  0:44  Barracks  
  16  0:51  SCV  
  17  1:03  SCV  
  18  1:15  SCV  
  19  1:31  Reaper, Orbital Command  
  20  1:42  Command Center  
  20  1:54  Factory  
  20  1:57  SCV  
  21  2:07  Barracks Reactor  
  21  2:09  SCV  
  21  2:14  Supply Depot, Refinery  
  22  2:21  SCV  
  23  2:36  SCV  
  24  2:43  Starport  
  24  2:47  Hellion  
  24  2:48  Hellion, SCV  
  24  2:49  Marine  
  30  2:58  Orbital Command  
  30  3:00  SCV  
  31  3:09  Hellion  
  35  3:13  Hellion  
  35  3:16  SCV  
  36  3:20  Medivac  
  36  3:24  Barracks Tech Lab  
  36  3:25  SCV  
  39  3:28  SCV  
  39  3:32  Hellion  
  42  3:35  Hellion  
  44  3:42  Supply Depot  
  44  3:43  SCV x2  
  46  4:00  Cloaking Field  
  46  4:04  Hellion x2, SCV, Banshee  
  54  4:13  Supply Depot  
  54  4:15  Supply Depot  
  54  4:22  Armory  
  54  4:34  SCV x2  
  54  4:35  Hellion x2  
  58  4:46  SCV x2  
  57  4:56  Hellion x2  
  57  4:59  SCV x2  
  63  5:03  Banshee  
  66  5:10  Command Center  
  66  5:11  SCV x2  
  66  5:13  Marine  
  69  5:17  Supply Depot  
  69  5:23  SCV  
  70  5:36  Engineering Bay  
  70  5:37  Engineering Bay  
  70  5:38  Hellion x2, Refinery, SCV  
  70  5:39  Refinery  
  75  5:43  SCV  
  76  5:51  SCV  
  76  5:56  Barracks Tech Lab  
  70  5:57  SCV  
  68  6:04  Terran Infantry Weapons Level 1  
  64  6:11  SCV  
  64  6:13  Raven  
  64  6:14  Factory Reactor  
  64  6:15  Barracks  
  64  6:16  Barracks  
  64  6:17  Marine  
  64  6:18  Stimpack  
  60  6:22  Orbital Command  
  60  6:24  SCV  
  61  6:29  SCV  
  62  6:36  SCV  
  63  6:41  Barracks, SCV  
  63  6:42  Barracks  
  64  6:48  SCV x2  
  64  6:53  Hellion, SCV  
  61  6:59  Hellion  
  55  7:01  Marine  
  55  7:08  SCV  
  53  7:11  SCV  
  54  7:17  Hellion  
  54  7:20  Hellion  
  54  7:22  SCV  
  59  7:35  SCV  
  58  7:43  Hellion  
  55  7:47  SCV x2  
  55  7:49  SCV  
  49  7:58  Terran Infantry Armor Level 1  
  49  7:59  SCV x2  
  49  8:01  SCV  
  49  8:03  Marine x2  
  54  8:07  Marine  
  54  8:10  Marine  
  54  8:11  SCV  
  54  8:12  Barracks Reactor x2, Starport Reactor  
  57  8:13  Factory Reactor, SCV  
  57  8:14  Marine  
  59  8:20  Marine x2  
  59  8:21  Supply Depot, Combat Shields  
  59  8:23  Supply Depot, SCV x2  
  59  8:25  Supply Depot  
  64  8:28  Supply Depot, Marine x2  
  64  8:30  Orbital Command  
  64  8:33  Marine  
  66  8:35  SCV x2  
  66  8:37  Supply Depot x2  
  66  8:38  Marine  
  69  8:42  Marine  
  69  8:46  Marine  
  69  8:47  SCV x2  
  73  8:49  Widow Mine x2, Marine x2  
  73  8:50  Medivac x2  
  73  8:53  Armory  
  83  8:56  Engineering Bay, SCV  
  83  8:59  Marine x2, SCV x2  
  88  9:08  SCV  
  88  9:11  SCV  
  88  9:15  SCV  
  89  9:22  SCV  
  89  9:24  Marine x3  
  89  9:25  Marine  
  89  9:27  SCV  
  92  9:35  Missile Turret  
  92  9:36  SCV  
  92  9:38  Marine  
  94  9:39  Missile Turret, Marine  
  94  9:42  SCV  
  96  9:48  Missile Turret  
  96  9:49  Bunker  
  96  9:50  Marine  
  97  9:58  SCV  
  97  9:59  Medivac  
  99  10:00  Medivac  
  99  10:03  SCV  
  99  10:04  Supply Depot  
  102  10:08  SCV  
  102  10:10  Marine, SCV  
  102  10:11  Marine x2  
  102  10:12  Marine x2  
  102  10:14  Widow Mine x2  
  109  10:19  Supply Depot  
  113  10:21  Terran Infantry Weapons Level 2  
  113  10:24  Terran Infantry Armor Level 2  
  113  10:32  SCV  
  90  10:35  Medivac x2  
  114  10:36  Factory  
  114  10:39  Marine x4  
  114  10:40  Marine x2  
  121  10:47  Widow Mine x2, Marine  
  126  10:50  Marine  
  126  10:51  Supply Depot x2  
  128  10:57  Marine x2  
  128  10:59  Marine x2  
  128  11:01  Missile Turret  
  128  11:03  Missile Turret  
  131  11:07  Marine x2  
  133  11:12  Medivac x2  
  133  11:14  Supply Depot  
  137  11:21  Factory Tech Lab, Marine  
  137  11:22  Marine  
  137  11:24  Marine x2  
  141  11:27  Marine  
  141  11:28  Widow Mine, Marine x2  
  141  11:32  Widow Mine, Marine  
  144  11:36  Marine  
  144  11:39  Supply Depot  
  145  11:40  Supply Depot  
  145  11:43  Marine  
  145  11:44  Command Center  
  146  11:47  Marine  
  146  12:00  Barracks  
  146  12:01  Barracks  
  140  12:03  Thor, Barracks, Drilling Claws  
  140  12:04  Marine  
  140  12:06  Marine x2  
  149  12:08  Marine  
  149  12:12  Widow Mine  
  149  12:13  Widow Mine  
  154  12:18  Refinery, Marine x2  
  154  12:19  Refinery, Marine  
  154  12:21  Marine  
  156  12:26  Marine  
  156  12:27  Marauder  
  156  12:28  Marine  
  157  12:41  Widow Mine  
  157  12:42  Widow Mine  
  161  12:46  Thor  
  161  12:48  Terran Infantry Weapons Level 3, Marauder  
  169  12:57  Terran Infantry Armor Level 3  
  169  12:59  Barracks Tech Lab, Orbital Command  
  169  13:01  Barracks Tech Lab  
  169  13:04  Barracks Tech Lab  
  169  13:05  Marine  
  170  13:06  Marine  
  170  13:11  Widow Mine  
  163  13:25  Medivac  
  161  13:30  Bunker  
  161  13:31  Medivac  
  161  13:34  Marauder, Marine x2  
  165  13:36  Marine  
  165  13:40  Widow Mine  
  169  13:46  Marine  
  169  13:47  Unknown x2, Marauder  
  168  13:52  Marine  
  168  13:53  Marauder  
  145  13:59  Marauder, Marine x2  
  145  14:01  SCV  
  138  14:09  Marauder, Marine  
  141  14:13  Planetary Fortress  
  141  14:23  Missile Turret x2  
  141  14:24  Thor  
  141  14:30  Marine x2  
  141  14:31  Marauder x2, Marine  
  153  14:34  Marine  
  153  14:35  Marauder, Marine  
  154  14:45  Marine x2  
  154  14:46  Marauder  
  154  14:48  Supply Depot  
  154  14:49  Concussive Shells  
  154  14:51  Supply Depot, Marine x3  
  154  14:52  Marauder, Marine  
  163  14:55  Marine  
  163  14:56  Marauder  
  163  14:57  Widow Mine  
  169  15:01  Widow Mine  
  165  15:10  Marine  
  165  15:11  Marauder  
  165  15:13  Marine  
  165  15:14  Marauder  
  165  15:19  Marine  
  165  15:20  Marauder  
  165  15:21  Widow Mine  
  168  15:25  Marine  
  168  15:26  Widow Mine, Marauder  
  168  15:28  Marine  
  172  15:29  Marine  
  172  15:34  Medivac  
  173  15:40  Orbital Command  
  173  15:52  Supply Depot  
  173  16:10  Marine  
  173  16:11  Marine  
  173  16:13  Widow Mine x3, Marine x2  
  173  16:14  Medivac, Marauder  
  174  16:25  Marauder, Marine x2  
  164  16:26  Marine  
  164  16:32  Marine  
  156  16:39  Marine  
  157  16:41  Widow Mine x2  
  160  16:54  Orbital Command  
  155  17:09  Marine  
  156  17:20  Marine  
  145  17:39  Medivac  
  145  17:43  Marine x2  
  145  17:44  Marauder, Marine  
  131  17:49  Orbital Command  
  125  17:52  Marine  
  121  18:24  Orbital Command  
  66  19:01  SCV  
  66  19:02  SCV  
  68  19:03  SCV  
  71  19:10  Marauder  
  71  19:13  Marine, SCV  
  71  19:15  SCV  
  71  19:16  SCV  
  75  19:20  Marine  
  75  19:21  Marine  
  75  19:24  Marine x2  
  78  19:27  SCV  
  78  19:28  SCV  
  81  19:31  SCV  
  81  19:34  Marine x2  
  81  19:36  Marine  
  85  19:39  Marine, SCV  
  87  19:45  SCV  
  87  19:46  Marine  
  87  19:47  Marauder, Marine x2  
  87  19:48  Marine  
  87  19:50  SCV  
  95  19:53  SCV  
  95  19:59  SCV  
  97  20:02  SCV  
  97  20:03  Thor  
  97  20:05  Widow Mine  
  106  20:08  Widow Mine  
  106  20:12  Marine x2  
  110  20:28  Marine x3  
  110  20:29  Marauder x3, Marine  
  110  20:30  Marine  
  110  20:31  Marine  
  121  20:37  Marauder, Marine x2  
  125  20:46  Marine x3  
  125  20:47  Marine  
  125  20:48  Marine  
  125  20:49  Marine  
  131  20:54  Marine  
  131  20:55  Marauder  
  134  20:57  Marine  
  134  21:05  Marine  
  134  21:06  Marauder  
  134  21:08  Marine x2  
  134  21:09  Marine  
  134  21:10  Unknown x2  
  125  21:13  Medivac  
  125  21:17  Medivac  
  125  21:27  Orbital Command  
  125  21:29  Unknown x2, Marine, Marauder  
  125  21:31  Widow Mine  
  129  21:38  Marine x2  
Tags
 
Add a new tag
Caveats
  • Supply blocks, unpowered buildings, or Contaminate may cause inaccurate times.
  • Supply counts are checked every 10 seconds.